 Dungeon Crawl Stone Soup version 0.31-a0-214-gb37851dbb3 (webtiles) character file.

Game seed: 4442149799664582891

163 qw the Shooter (level 5, -1/31 HPs)
             Began as a Gargoyle Hexslinger on July 1, 2023.
             Slain by a water moccasin (7 damage)
             ... on level 3 of the Dungeon.
             The game lasted 00:01:04 (2589 turns).

qw the Shooter (Gargoyle Hexslinger)                Turns: 2589, Time: 00:01:05

Health: -1/31      AC:  9    Str: 12    XL:     5   Next: 44%
Magic:  6/6        EV: 10    Int: 13    God:
Gold:   6          SH:  0    Dex: 14    Spells: 5/6 levels left

rFire   . . .        Y - +1 sling
rCold   + . .        (no shield)
rNeg    + . .        m - +0 ring mail
rPois   inf          (no helmet)
rElec   +            (no cloak)
rCorr   .            (no gloves)
SInv    .            (no boots)
Will    .....        e - amulet of faith
Stlth   +            d - ring of protection from cold
HPRegen 0.25/turn    (no ring)
MPRegen 0.10/turn

%: faith
@: no status effects
A: sickness immunity, AC +4, negative energy resistance 1, electricity
resistance, torment resistance 1, petrification resistance
a: no special abilities


You were on level 3 of the Dungeon.
You visited 1 branch of the dungeon, and saw 4 of its levels.

You collected 238 gold pieces.
You spent 232 gold pieces at shops.


Innate Abilities, Weirdness & Mutations

You are immune to sickness and miasma.
Your stone body is resilient. (AC +4)
You are immune to poison.
You resist negative energy. (rN+)
You are resistant to electric shocks. (rElec)
You are resistant to unholy torment.
You are immune to petrification.


   Skills:
 - Level 2.6 Fighting
 - Level 5.0 Ranged Weapons
 + Level 0.0 Armour
 - Level 1.5 Dodging
 - Level 1.0 Spellcasting
 - Level 2.6 Hexes


You had 5 spell levels left.
You knew the following spells:

 Your Spells              Type           Power      Damage    Failure   Level
a - Slow                  Hex            28%        N/A       22%         1

Your spell library contained the following spells:

 Spells                   Type           Power      Damage    Failure   Level
 Inner Flame              Hex/Fire       4%         N/A       73%         3
 Portal Projectile        Hex/Tloc       8%         N/A       73%         3
 Cause Fear               Hex            3%         N/A       91%         4

Inventory:

Hand Weapons
 Y - a +1 sling (weapon)
Armour
 m - a +0 ring mail (worn)
Jewellery
 d - a ring of protection from cold (left hand)
 e - an amulet of faith (around neck)
Scrolls
 a - a scroll of identify
 l - 2 scrolls of enchant armour
Potions
 c - a potion of resistance
 h - 3 potions of curing
 i - a potion of mutation
 k - a potion of haste

Dungeon Overview and Level Annotations

Branches:
Dungeon (4/15)
 Temple: D:4-7

Altars:

Shops:
D:3 :**:(


Message History

The sling bullet closely misses the water moccasin.
The water moccasin closely misses you. The water moccasin bites you.
You shoot a sling bullet.
The sling bullet misses the water moccasin.
The water moccasin bites you but does no damage.
You shoot a sling bullet.
The sling bullet closely misses the water moccasin.
The water moccasin barely misses you. The water moccasin closely misses you.
You shoot a sling bullet.
The sling bullet closely misses the water moccasin.
The water moccasin closely misses you. The water moccasin bites you.
You shoot a sling bullet.
The sling bullet barely misses the water moccasin.
The water moccasin bites you.
The water moccasin completely misses you.
You shoot a sling bullet.
The sling bullet hits the water moccasin.
The water moccasin is moderately wounded.
The water moccasin bites you but does no damage.
You shoot a sling bullet.
The sling bullet closely misses the water moccasin.
The water moccasin bites you but does no damage.
The water moccasin bites you.
You shoot a sling bullet.
The sling bullet hits the water moccasin.
The water moccasin is moderately wounded.
The water moccasin bites you but does no damage.
The water moccasin bites you.
You shoot a sling bullet.
The sling bullet misses the water moccasin.
The water moccasin bites you. The water moccasin bites you!
You shoot a sling bullet.
The sling bullet hits the water moccasin.
The water moccasin is severely wounded.
The water moccasin closely misses you.
The water moccasin bites you but does no damage.
You shoot a sling bullet.
The sling bullet misses the water moccasin.
The water moccasin bites you!
You die...

#.####............####.##.#
##.## ####.##.####.####....#
#####...# #.##.####........##
....%<..######.........######.#
.####...#.........###### #.# .#
#####.######### #####.### .#
#.# #..\..... .# #.#
############.....### .# #.#
#..@S............# .### #.#
##.##########.....# ...#
#.###..# #.....# ##.# #.##...#
###.### #.######.###### #.#
#...)......#\## #.#####
##.######.###'# #...... ...#
#......# ####### ##.# #.#..#.#
#


You could see a water moccasin.

Vanquished Creatures
  A hound (D:2)
  8 adders
  A dart slug (D:2)
  An orc (D:3)
  9 endoplasms
  A giant cockroach (D:2)
  6 goblins
  5 hobgoblins
  2 jackals (D:3)
  4 quokkas
  4 ball pythons
  6 bats
  5 frilled lizards
  4 kobolds
  4 rats
61 creatures vanquished.

Notes
Turn   | Place    | Note
-------+----------+-------------------------------------------
     0 | D:1      | qw the Gargoyle Hexslinger began the quest for the Orb.
     0 | D:1      | Reached XP level 1. HP: 12/12 MP: 2/2
     0 | D:1      | 0 ||| qw: Version: 0.3-a-32-g5962c71
     0 | D:1      | 0 ||| qw: Game counter: 7470
     0 | D:1      | 0 ||| qw: Melee chars always use a shield: true
     0 | D:1      | 0 ||| qw: God list: Okawaru
     0 | D:1      | 0 ||| qw: Allow faded altars: false
     0 | D:1      | 0 ||| qw: Do Orc after clearing Dungeon:15 true
     0 | D:1      | 0 ||| qw: Do second Lair branch before Depths: true
     0 | D:1      | 0 ||| qw: Lair rune preference: random
     0 | D:1      | 0 ||| qw: Goals: Normal
     0 | D:1      | 0 ||| PLANNING D:1-11
    83 | D:1      | Reached XP level 2. HP: 14/16 MP: 3/3
   238 | D:1      | Found a faded altar of an unknown god.
   275 | D:1      | Reached skill level 3 in Ranged Weapons
   929 | D:1      | 929 ||| UPGRADING to +0 leather armour.
   939 | D:1      | 939 ||| DROPPING +0 robe.
   940 | D:1      | 940 ||| UPGRADING to amulet of faith.
   945 | D:1      | 945 ||| READING 2 scrolls labelled YCVOEK PIMNOTE.
   946 | D:1      | 946 ||| READING scroll labelled MOD RAUPT.
   947 | D:1      | 947 ||| READING scroll labelled KOJAUP LIFF.
   948 | D:1      | 948 ||| READING scroll labelled QUTEFEINIU.
   949 | D:1      | 949 ||| READING scroll labelled XUYMUD LUYX.
   959 | D:1      | 959 ||| DROPPING scroll of poison.
  1043 | D:2      | Reached XP level 3. HP: 21/21 MP: 4/4
  1059 | D:2      | Reached XP level 4. HP: 12/26 MP: 5/5
  1240 | D:2      | Reached skill level 4 in Ranged Weapons
  1414 | D:2      | Reached XP level 5. HP: 25/30 MP: 6/6
  1736 | D:2      | 1736 ||| UPGRADING to ring of protection from cold.
  1737 | D:2      | 1737 ||| READING scroll labelled DOUSAMOAGUC.
  1738 | D:2      | 1738 ||| READING scroll labelled TUKLYU LYDGH.
  1739 | D:2      | 1739 ||| DRINKING 2 fizzy blue potions.
  1740 | D:2      | 1740 ||| READING 3 scrolls of identify.
  1740 | D:2      | 1740 ||| IDENTIFYING fuming orange potion
  1741 | D:2      | 1741 ||| READING 2 scrolls of identify.
  1741 | D:2      | 1741 ||| IDENTIFYING metallic yellow potion
  1759 | D:3      | Found Mafuef's Assorted Antiques.
  1764 | D:3      | 1764 ||| BUYING potion of curing (87 gold).
  1764 | D:3      | Bought a potion of curing for 87 gold pieces
  1764 | D:3      | 1764 ||| SHOPLISTING potion of mutation (232 gold, have
                  | 57).
  1793 | D:3      | Reached skill level 5 in Ranged Weapons
  1832 | D:3      | Found Qujoy's Book Shoppe.
  1950 | D:3      | Found Sojina's Weapon Shoppe.
  2207 | D:3      | Found Hihoh's Book Emporium.
  2252 | D:3      | Found Xoilaew's General Store.
  2258 | D:3      | 2258 ||| SHOPLISTING +0 orcbow of Attainder {antimagic, rC-
                  | Will- Int+10 Dex+3} (336 gold, have 151).
  2258 | D:3      | 2258 ||| BUYING +0 ring mail (40 gold).
  2258 | D:3      | Bought a +0 ring mail for 40 gold pieces
  2258 | D:3      | 2258 ||| BUYING potion of curing (30 gold).
  2258 | D:3      | Bought a potion of curing for 30 gold pieces
  2258 | D:3      | 2258 ||| BUYING scroll of enchant armour (75 gold).
  2258 | D:3      | Bought a scroll of enchant armour for 75 gold pieces
  2510 | D:3      | 2510 ||| UPGRADING to +0 ring mail.
  2520 | D:3      | 2520 ||| DROPPING +0 leather armour.
  2521 | D:3      | 2521 ||| READING scroll labelled DELLESESAQI.
  2522 | D:3      | 2522 ||| READING 4 scrolls of identify.
  2522 | D:3      | 2522 ||| IDENTIFYING lumpy coppery potion
  2523 | D:3      | 2523 ||| READING 3 scrolls of identify.
  2523 | D:3      | 2523 ||| IDENTIFYING sedimented purple potion
  2524 | D:3      | 2524 ||| READING 2 scrolls of identify.
  2524 | D:3      | 2524 ||| IDENTIFYING inky potion
  2525 | D:3      | 2525 ||| DROPPING potion of berserk rage.
  2526 | D:3      | 2526 ||| DROPPING potion of attraction.
  2570 | D:4      | Noticed a water moccasin
  2574 | D:4      | 2574 ||| STAIRDANCE
  2587 | D:3      | HP: 5/31 [water moccasin (8)]
  2589 | D:3      | Slain by a water moccasin

Levels and vault maps discovered:
D:1:      mrwooster_arrival_statue_2, layout_loops_corners,
          shapermc_ecumenical_altar_gd, chequers_serial_rivers_small_a,
          minmay_pentomino_r2
D:2:      minmay_diamond_boxcup, layout_basic
D:3:      layout_loops_ring, serial_shops, shop, nicolae_shop_window_shopping,
          nicolae_shop_crystal, nicolae_shop_bloodbath_and_beyond, shop
D:4:      layout_cave_pools, nicolae_hepliaklqana_hippocampus, uniq_menkaure,
          uniq_robin

Skill      XL: |  1  2  3  4  5 |
---------------+----------------+-----
Ranged Weapons | 3 4 5 |  5.0
Fighting       | 2 |  2.6
Dodging        | |  1.5
Spellcasting   | |  1.0
Hexes          | |  2.6

Action                     |  1- 3 |  4- 6 || total
---------------------------+-------+-------++-------
   Fire: Sling             |    71 |   180 ||   251
    Use: Scroll            |     5 |     8 ||    13
         Potion            |       |     1 ||     1
 Armour: Robe              |    12 |       ||    12
         Leather armour    |     8 |    51 ||    59
         Ring mail         |       |     8 ||     8
  Dodge: Dodged            |    27 |    86 ||   113

Table legend:
 A = Non-vault XP
 B = Vault XP
 C = Vault XP percentage of total XP
 D = Non-vault monster count
 E = Vault monster count
 F = Vault count percentage of total count
                 A         B        C        D         E       F
            +---------+---------+-------+---------+---------+-------
      Total |     205 |      29 |  12.4 |      50 |      11 |  18.0
            +---------+---------+-------+---------+---------+-------
        D:1 |      27 |       3 |  10.0 |      17 |       2 |  10.5
        D:2 |     143 |      26 |  15.4 |      19 |       9 |  32.1
        D:3 |      35 |       0 |   0.0 |      14 |       0 |   0.0
            +---------+---------+-------+---------+---------+-------
